 Dungeon Crawl Stone Soup version 0.26-a0-664-gc8b27b8 (webtiles) character file.

Game seed: 5797767283083694882

213 Mopster the Chopper (level 5, -1/47 HPs)
             Began as a Minotaur Berserker on Oct 12, 2020.
             Was a Believer of Trog.
             Shot with an arrow by a centaur (4 damage)
             ... on level 6 of the Dungeon.
             The game lasted 00:10:57 (2651 turns).

Mopster the Chopper (Minotaur Berserker)            Turns: 2651, Time: 00:10:57

Health: -1/47      AC:  9    Str: 29    XL:     5   Next: 59%
Magic:  4/4        EV: 11    Int:  4    God:    Trog [**....]
Gold:   101        SH:  0    Dex:  9    Spells: 4/4 levels left

rFire    + . .     SeeInvis .   a - +1 hand axe
rCold    . . .     Faith    .   (no shield)
rNeg     . . .     Spirit   .   k - +2 scale mail {rF+}
rPois    .         Reflect  .   (helmet restricted)
rElec    .         Harm     .   (no cloak)
rCorr    .         Rampage  .   (no gloves)
MR       .....                  (no boots)
Stlth    +.........             d - amulet of magic regeneration
HPRegen  0.15/turn              h - +6 ring of strength
MPRegen  0.34/turn              g - ring of stealth

@: no status effects
A: retaliatory headbutt, horns 2
a: Berserk, Trog's Hand, Renounce Religion


You were on level 6 of the Dungeon.
You worshipped Trog.
Trog was pleased with you.
You visited 1 branch of the dungeon, and saw 4 of its levels.

You collected 101 gold pieces.

Inventory:

Hand Weapons
 a - a +1 hand axe (weapon)
Armour
 k - a +2 scale mail of fire resistance (worn)
Jewellery
 c - an uncursed ring of fire
 d - an amulet of magic regeneration (around neck)
 g - a ring of stealth (right hand)
 h - a +6 ring of strength (left hand)
 j - an uncursed ring of protection from cold
Scrolls
 f - a scroll of blinking
Potions
 i - a potion of stabbing


   Skills:
 + Level 4.5 Fighting
 + Level 5.3 Axes
 * Level 4.3 Armour
 * Level 3.3 Dodging
 + Level 0.3 Stealth


You had 4 spell levels left.
You didn't know any spells.
Your spell library was empty.

Dungeon Overview and Level Annotations

Branches:
Dungeon (6/15)
 Temple: D:4-7

Altars:
Wu Jian


Innate Abilities, Weirdness & Mutations

You reflexively headbutt those who attack you in melee.
You have a pair of horns on your head.


Message History

* * * LOW HITPOINT WARNING * * *
Unknown command.
You feel much better.
The centaur shoots an arrow.
The arrow hits you!
A centaur is nearby!
You open the door.
The centaur shoots an arrow.
The arrow closely misses you.
The centaur shoots an arrow.
The arrow hits you.
* * * LOW HITPOINT WARNING * * *
Found an ornate altar of the Wu Jian Council.
There is an open door here.
Unknown command.
The centaur shoots an arrow.
The arrow barely misses you.
The centaur shoots an arrow.
The arrow hits you!
* * * LOW HITPOINT WARNING * * *
There is an open door here.
You see here 2 arrows.
You close the door, pushing everything out of the way.
As you read the scroll of fog, it crumbles to dust.
The scroll dissolves into smoke.
You start resting.
The centaur shoots an arrow.
The arrow hits you.
You die...

....
#..>#(....)....#
...
#...#..(?......#
..
.....####(.......
. ......#
#c###### ..(..###
#.# ....#######.#
#≈≈≈§§#.#
#≈8§8§#c#
#≈.§§@'(#
#≈8.8§### #≈≈≈§§#
#######


You could see a centaur.

Vanquished Creatures
  2 orc priests (D:3)
  Terence (D:2)
  6 adders
  2 worms
  4 leopard geckos
  7 orcs (D:3)
  8 bats
  4 giant cockroaches
  6 goblins
  9 hobgoblins
  4 frilled lizards
  5 kobolds
  6 rats
64 creatures vanquished.

Notes
Turn   | Place    | Note
-------+----------+-------------------------------------------
     0 | D:1      | Mopster the Minotaur Berserker began the quest for the Orb.
     0 | D:1      | Reached XP level 1. HP: 19/19 MP: 0/0
   125 | D:1      | Reached XP level 2. HP: 27/27 MP: 1/1
   263 | D:1      | Reached skill level 4 in Axes
   929 | D:2      | Reached XP level 3. HP: 30/33 MP: 2/2
  1080 | D:2      | Reached ** piety under Trog
  1392 | D:2      | Reached XP level 4. HP: 27/41 MP: 3/3
  1661 | D:2      | Noticed Terence
  1674 | D:2      | Killed Terence
  1832 | D:2      | Found a faded altar of an unknown god.
  2353 | D:3      | Reached skill level 5 in Axes
  2382 | D:3      | Reached XP level 5. HP: 44/47 MP: 4/4
  2625 | D:3      | You fall into a shaft and drop 3 floors!
  2625 | D:6      | Noticed a centaur
  2644 | D:6      | Found an ornate altar of the Wu Jian Council.
  2651 | D:6      | Shot with an arrow by a centaur

Illustrated notes

Levels and vault maps discovered:
D:1:      dpeg_arrival_boxorama, layout_basic, minmay_misc_feat_columns,
          minmay_misc_feat_more_columns
D:2:      minmay_skewed_foursquare, layout_basic,
          chequers_ecumenical_altar_twisty, uniq_terence
D:3:      layout_loops_corners
D:6:      layout_basic, kennysheep_little_box

Skill      XL: |  1  2  3  4 |
---------------+-------------+-----
Axes           | 4 5 |  5.3
Fighting       | 4 |  4.5
Armour         | 3 4 |  4.3
Dodging        | 3 |  3.3
Stealth        | |  0.3

Action                   |  1- 3 |  4- 6 || total
-------------------------+-------+-------++-------
Melee: Hand axe          |    71 |    69 ||   140
       Headbutt          |     5 |    15 ||    20
  Use: Scroll            |     4 |     3 ||     7
       Potion            |     2 |     4 ||     6
 Stab: Sleeping          |       |     1 ||     1
Armor: Animal skin       |     3 |       ||     3
       Scale mail        |    17 |    15 ||    32
       Chain mail        |     5 |     9 ||    14
Dodge: Dodged            |    40 |    36 ||    76

Table legend: (Time is in decaauts)
 A = Elapsed time spent in this place.
 B = Non-inter-level travel time spent in this place.
 C = Inter-level travel time spent in this place.
 D = Time resting spent in this place.
 E = Time spent auto-exploring this place.
 F = Levels seen in this place.
 G = Mean time per level.
                   A        B        C        D        E       F      G
               +--------+--------+--------+--------+--------+-----+--------+
         Total |   2657 |   2436 |    221 |     86 |   1887 |   4 |  664.2 |
       Dungeon |   2657 |   2436 |    221 |     86 |   1887 |   4 |  664.2 |
               +--------+--------+--------+--------+--------+-----+--------+

Top non-repeatable levels by time:
     D:2: 1280 daAuts
     D:1: 842 daAuts
     D:3: 508 daAuts
     D:6: 25 daAuts
